 Dungeon Crawl Stone Soup version 0.17-a0-2215-g49c1de0 (webtiles) character file.

63 nicanaca0 the Chopper (level 3, -7/31 HPs)
             Began as a Minotaur Berserker on Oct 27, 2015.
             Was a Believer of Trog.
             Mangled by a worm (9 damage)
             ... on level 2 of the Dungeon.
             The game lasted 00:03:02 (1494 turns).

nicanaca0 the Chopper (Minotaur Berserker)          Turns: 1494, Time: 00:03:02

Health: -7/31      AC:  6    Str: 21    XL:     3   Next: 87%
Magic:  2/2        EV: 11    Int:  4    God:    Trog [**....]
Gold:   137        SH:  0    Dex: 10    Spells: 0 memorised, 2 levels left

rFire  . . .     SeeInvis .     a - +0 hand axe
rCold  . . .     Clarity  .     k - +0 ring mail
rNeg   + . .     SustAt   .     (no shield)
rPois  +         Gourm    .     g - +1 hat
rElec  .         Spirit   .     (no cloak)
rCorr  .         Warding  +     (no gloves)
rMut   .         Stasis   .     (no boots)
MR     .....                    f - amulet of warding
Stlth  ..........               j - ring of loudness (curse)
                                e - ring of poison resistance

@: not resistant to hostile enchantments, extremely unstealthy
A: retaliatory headbutt, horns 2
a: Berserk, Trog's Hand, Burn Spellbooks, Renounce Religion


You were on level 2 of the Dungeon.
You worshipped Trog.
Trog was pleased with you.
You were not hungry.

You visited 1 branch of the dungeon, and saw 2 of its levels.

You collected 137 gold pieces.

Inventory:

Hand Weapons
 a - a +0 hand axe (weapon)
Missiles
 d - 80 stones (quivered)
Armour
 g - a +1 hat (worn)
 k - a +0 ring mail (worn)
Jewellery
 e - a ring of poison resistance (left hand)
 f - an amulet of warding (around neck)
 j - a cursed ring of loudness (right hand)
Scrolls
 h - a scroll of magic mapping {unknown}
 m - a scroll of random uselessness {unknown}
 o - a scroll of amnesia {unknown}
 p - a scroll of immolation {unknown}
 r - a scroll of noise {unknown}
Potions
 n - a potion of curing {unknown}
 q - a potion of mutation {unknown}
 s - a potion of poison {unknown}
Comestibles
 b - 2 chunks of flesh
 c - 2 bread rations
 i - a meat ration
 l - a slice of pizza


   Skills:
 - Level 3.6 Fighting
 * Level 5.8 Axes
 - Level 2.4 Armour
 - Level 2.1 Dodging


You had 2 spell levels left.
You didn't know any spells.

Dungeon Overview and Level Annotations

Branches:
Dungeon (2/15)

Altars:
Fedhas
Kikubaaqudgha


Innate Abilities, Weirdness & Mutations

You reflexively headbutt those who attack you in melee.
You have a pair of horns on your head.


Message History

You hit the worm. You headbutt the worm.
The worm is severely wounded.
The worm bites you!
You hit the worm but do no damage.
The worm is severely wounded.
You hit the worm but do no damage.
The worm is severely wounded.
The worm bites you.
* * * LOW HITPOINT WARNING * * *
You hit the worm. Your headbutt misses the worm.
The worm is severely wounded.
The worm bites you!
* * * LOW HITPOINT WARNING * * *
You hit the worm.
You headbutt the worm, but do no damage.
The worm is almost dead.
You hit the worm but do no damage.
The worm is almost dead.
The worm bites you!
You die...

....... ######
#.###### ♣
......# ♣
#$....# .....#
#....# #....#
#.)w.# #.@#
##.# #(# ######
#(####....#####
#..............
####........#
#........# #
#...÷....# .#
♣♣
#........####.#


You could see a worm.

Vanquished Creatures
  2 adders (D:2)
  An ooze (D:2)
  A giant gecko (D:1)
  A giant cockroach (D:1)
  5 goblins
  6 hobgoblins
  A jackal (D:2)
  4 bats
  2 giant newts
  11 kobolds
  6 rats
40 creatures vanquished.

Notes
Turn   | Place    | Note
--------------------------------------------------------------
     0 | D:1      | nicanaca0 the Minotaur Berserker began the quest for the Orb.
     0 | D:1      | Reached XP level 1. HP: 19/19 MP: 0/0
   173 | D:1      | Reached skill level 4 in Axes
   507 | D:1      | Reached XP level 2. HP: 26/26 MP: 1/1
  1077 | D:2      | Reached ** piety under Trog
  1077 | D:2      | Reached skill level 5 in Axes
  1077 | D:2      | Reached XP level 3. HP: 23/31 MP: 2/2
  1302 | D:2      | Found an ancient bone altar of Kikubaaqudgha.
  1302 | D:2      | Found a blossoming altar of Fedhas.
  1492 | D:2      | HP: 1/31 [worm (8)]
  1494 | D:2      | Mangled by a worm

Vault maps used:
D:1:      eino_arrival_water_star, wad_floor_pattern_2
D:2:      forest_paths, grunt_temple_overflow_growth_and_decay

Action                   || total
-------------------------++-------
Melee: Hand axe          ||    89
  Eat: Chunk             ||     2
